 Dungeon Crawl Stone Soup version 0.32-a0-933-ga8fa363 (webtiles) character file.

Game seed: 7612726669262247423

242 sheepangoat the Chopper (level 5, -2/46 HPs)
             Began as a Mountain Dwarf Fighter on Apr 14, 2024.
             Slain by a gnoll bouda
             ... wielding a +0 whip
              (6 damage)
             ... on level 4 of the Dungeon.
             The game lasted 00:08:41 (2451 turns).

sheepangoat the Chopper (Mountain Dwarf Fighter)    Turns: 2451, Time: 00:08:41

Health: -2/46      AC: 12    Str: 20    XL:     5   Next: 82%
Magic:  5/5        EV:  6    Int: 12    God:
Gold:   222        SH:  6    Dex:  9    Spells: 4/4 levels left

rFire   . . .        a - +0 war axe
rCold   . . .        k - +2 buckler
rNeg    . . .        i - +0 chain mail
rPois   .            e - +2 hat {Int+3}
rElec   .            (no cloak)
rCorr   .            (no gloves)
SInv    .            l - +0 pair of boots
Will    .....        (no amulet) Stlth
                     h - ring of flight
HPRegen 0.27/turn    j - ring of wizardry
MPRegen 0.09/turn

%: wizardry (x1)
@: mighty, flying
A: runic magic, artefact enchanting
a: no special abilities


You were on level 4 of the Dungeon.
You visited 1 branch of the dungeon, and saw 4 of its levels.

You collected 222 gold pieces.

Inventory:

Hand Weapons
 a - a +0 war axe (weapon)
Armour
 e - a +2 hat of intelligence (worn)
 i - a +0 chain mail (worn)
 k - a +2 buckler (worn)
 l - a +0 pair of boots (worn)
Jewellery
 h - a ring of flight (left hand)
 j - a ring of wizardry (right hand)
Scrolls
 b - a scroll of butterflies {unknown}
 c - 5 scrolls of vulnerability {unknown}
Potions
 f - 2 potions of heal wounds {unknown}
 g - a potion of curing {unknown}
 m - a potion of mutation {unknown}


   Skills:
 + Level 3.7 Fighting
 + Level 7.2 Axes
 - Level 3.2 Armour
 - Level 3.2 Shields


You had 4 spell levels left.
You didn't know any spells.
Your spell library was empty.

Dungeon Overview and Level Annotations

Branches:
Dungeon (4/15)
 Temple: D:4-7

Altars:
Ashenzari
Qazlal

Shops:
D:1 !

Annotations:
D:2 1 runed translucent door, Crazy Yiuf


Innate Abilities, Weirdness & Mutations

Your spellcasting is much less encumbered by armour.
You can use scrolls of enchantment on lesser artefacts.


Message History

Okay, then.
You feel very mighty all of a sudden. The gnoll hits you but does no damage.
You block the gnoll's attack.
You slash the gnoll!
The gnoll is severely wounded.
You block the gnoll's attack.
The gnoll hits you from afar with a +0 halberd!
* * * LOW HITPOINT WARNING * * *
You slice the gnoll!!
You kill the gnoll!
You block the gnoll's attack. The gnoll barely misses you.
You see here a +0 halberd.
You slash the gnoll!
The gnoll is almost dead.
The gnoll barely misses you.
The gnoll bouda splashes around in the water.
You barely miss the gnoll.
The gnoll is almost dead.
The gnoll splashes around in the water.
The gnoll bouda hits something with a +0 whip.
You barely miss the gnoll.
The gnoll is almost dead.
The gnoll hits you with a +0 halberd.
* * * LOW HITPOINT WARNING * * *
The gnoll bouda calls upon its god to heal the gnoll.
The gnoll is healed somewhat.
The gnoll hits you but does no damage.
You closely miss the gnoll.
The gnoll is heavily wounded.
The gnoll bouda hits something with a +0 whip!
The gnoll hits you but does no damage.
You slash the gnoll!
You kill the gnoll!
You hear a splash.
You hit the gnoll bouda but do no damage.
The gnoll bouda hits you but does no damage.
You slash the gnoll bouda!
The gnoll bouda is heavily wounded.
The gnoll bouda hits you with a +0 whip.
You die...

≈≈≈≈ ~≈≈≈ ≈≈≈≈P
≈≈≈≈~ ≈≈≈~~P
~~~~~P♣
~~~PP~g#########
♣@.).†...#
#######.## #.#
#.# #.# #.# #.#
#######.#
#.......#


You could see a gnoll bouda.

Vanquished Creatures
  A hound (D:2)
  An iguana (D:3)
  Terence (D:3)
  Robin (D:2)
  3 gnolls (D:4)
  5 adders
  3 dart slugs
  2 ribbon worms (D:2)
  2 ball pythons
  4 bats
  7 endoplasms
  2 giant cockroaches
  14 goblins
  7 hobgoblins
  4 quokkas
  5 frilled lizards
  2 kobolds (D:1)
  2 rats (D:2)
66 creatures vanquished.

Notes
Turn   | Place    | Note
-------+----------+-------------------------------------------
     0 | D:1      | sheepangoat the Mountain Dwarf Fighter began the quest for
                  | the Orb.
     0 | D:1      | Reached XP level 1. HP: 19/19 MP: 1/1
   300 | D:1      | Reached skill level 3 in Axes
   353 | D:1      | Reached XP level 2. HP: 16/26 MP: 2/2
   392 | D:1      | Found Elalir's Distillery.
   441 | D:1      | Found a faded altar of an unknown god.
   800 | D:2      | Reached skill level 4 in Axes
   813 | D:2      | Reached XP level 3. HP: 31/31 MP: 3/3
   959 | D:2      | Found a broken altar of Ashenzari.
  1094 | D:2      | Reached skill level 5 in Axes
  1094 | D:2      | Reached XP level 4. HP: 38/38 MP: 4/4
  1235 | D:2      | Noticed Robin
  1251 | D:2      | Killed Robin
  1252 | D:2      | Reached skill level 6 in Axes
  1430 | D:2      | Found a runed translucent door.
  1431 | D:2      | Noticed Crazy Yiuf
  1484 | D:3      | Noticed Terence
  1496 | D:3      | Killed Terence
  1497 | D:3      | Reached XP level 5. HP: 24/45 MP: 5/5
  1773 | D:3      | Reached skill level 7 in Axes
  2076 | D:3      | Found a stormy altar of Qazlal.
  2451 | D:4      | Slain by a gnoll bouda

Illustrated notes

Levels and vault maps discovered:
D:1:      dpeg_arrival_three_bigger_balls, layout_rooms,
          shapermc_ecumenical_altar_starsandcircs, serial_shops, shop
D:2:      layout_basic, basic_altar, uniq_crazy_yiuf_cottage, uniq_robin
D:3:      layout_basic, lemuel_coloured_pillars_altar, uniq_terence
D:4:      layout_basic, serial_bayou, serial_bayou_ford_a, serial_bayou_pond_d,
          serial_bayou_lake_a, serial_bayou_pond_a, serial_bayou_crossing,
          serial_bayou_lagoon_b, dk_noncrumbling_4, kennysheep_nondescript

Skill      XL: |  1  2  3  4  5 |
---------------+----------------+-----
Axes           | 3 4 5 6 7 |  7.2
Fighting       | |  3.7
Armour         | |  3.2
Shields        | |  3.2

Action                     |  1- 3 |  4- 6 || total
---------------------------+-------+-------++-------
  Melee: War axe           |    87 |   123 ||   210
    Use: Potion            |       |     1 ||     1
 Armour: Scale mail        |    67 |    18 ||    85
         Chain mail        |       |    66 ||    66
  Dodge: Dodged            |    41 |    28 ||    69
  Block: Buckler           |    35 |    34 ||    69

Table legend: (Time is in decaauts)
 A = Elapsed time spent in this place.
 B = Non-inter-level travel time spent in this place.
 C = Inter-level travel time spent in this place.
 D = Time resting spent in this place.
 E = Time spent auto-exploring this place.
 F = Levels seen in this place.
 G = Mean time per level.
                   A        B        C        D        E       F      G
               +--------+--------+--------+--------+--------+-----+--------+
         Total |   2504 |   2303 |    201 |      0 |   1720 |   4 |  626.0 |
       Dungeon |   2504 |   2303 |    201 |      0 |   1720 |   4 |  626.0 |
               +--------+--------+--------+--------+--------+-----+--------+

Top non-repeatable levels by time:
     D:3: 957 daAuts
     D:1: 771 daAuts
     D:2: 724 daAuts
     D:4: 51 daAuts
